 Dungeon Crawl Stone Soup version 0.29.0-5-ge4962eb29e (webtiles) character file.

Game seed: 17480637730304081903

694 Woods the Sneak (level 7, -7/55 HPs)
             Began as a Naga Ice Elementalist on Aug 29, 2022.
             Mangled by an ogre
             ... wielding a +0 giant club
              (16 damage)
             ... on level 5 of the Dungeon.
             The game lasted 00:11:39 (5665 turns).

Woods the Sneak (Naga Ice Elementalist)             Turns: 5665, Time: 00:11:39

Health: -7/55      AC: 12    Str: 11    XL:     7   Next: 64%
Magic:  1/14       EV: 10    Int: 17    God:
Gold:   378        SH:  0    Dex: 11    Spells: 8/15 levels left

rFire   . . .      SeeInvis +   v - +0 falchion
rCold   . . .      Faith    .   (no shield)
rNeg    . . .      Spirit   .   a - +0 robe
rPois   +          Reflect  .   (no helmet)
rElec   .          Harm     .   i - +0 cloak
rCorr   +          Rampage  .   j - +0 pair of gloves
Will    .....                   (no barding)
Stlth   +++.......              (no amulet)
HPRegen 0.18/turn               o - ring of resist corrosion
MPRegen 0.14/turn               (no ring)

@: ice-armoured, about to teleport, very slow
A: AC +2, large, see invisible, deformed body, poison resistance, slowness 2,
spit poison 1, naga tail 1
a: Spit Poison


You were on level 5 of the Dungeon.
You visited 2 branches of the dungeon, and saw 6 of its levels.

You collected 378 gold pieces.

Inventory:

Hand Weapons
 v - a +0 falchion (weapon)
Missiles
 l - a throwing net
Armour
 a - a +0 robe (worn)
 i - a +0 cloak (worn)
 j - a +0 pair of gloves (worn)
Jewellery
 o - a ring of resist corrosion (left hand)
Wands
 p - a wand of iceblast (12)
Scrolls
 c - a scroll of silence {unknown}
 d - 5 scrolls of identify
 f - 2 scrolls of immolation
 g - a scroll of summoning {unknown}
 k - a scroll of noise {unknown}
 m - 2 scrolls of torment
 q - a scroll of fear {unknown}
 r - 2 scrolls of enchant weapon {unknown}
 u - a scroll of acquirement {unknown}
 w - a scroll of blinking {unknown}
 x - a scroll of enchant armour {unknown}
 y - a scroll of poison {unknown}
Potions
 e - 2 potions of curing {unknown}
 h - 3 potions of brilliance
 n - a potion of ambrosia {unknown}
 s - a potion of attraction {unknown}
 t - a potion of haste {unknown}


   Skills:
 + Level 3.3 Dodging
 + Level 6.4 Stealth
 * Level 4.9 Spellcasting
 + Level 5.4 Ice Magic


You had 8 spell levels left.
You knew the following spells:

 Your Spells              Type           Power      Damage    Failure   Level
a - Freeze                Ice            88%        1d10      1%          1
b - Frozen Ramparts       Ice            44%        1d7       4%          3
c - Ozocubu's Armour      Ice            22%        N/A       4%          3

Your spell library contained the following spells:

 Spells                   Type           Power      Damage    Failure   Level
 Apportation              Tloc           8%         N/A       14%         1
 Hailstorm                Conj/Ice       13%        3d5       43%         4
 Cause Fear               Hex            2%         N/A       82%         4
 Alistair's Intoxication  Tmut/Pois      2%         N/A       99%         5
 Dragon Form              Tmut           2%         N/A       100%        7
 Dragon's Call            Summ           2%         N/A       100%        9


Dungeon Overview and Level Annotations

Branches:
Dungeon (5/15)             Temple (1/1) D:5

Altars:
Ashenzari
Dithmenos
Elyvilon
Kikubaaqudgha
Makhleb
Nemelex Xobeh
Okawaru
Qazlal
Sif Muna
Trog
Wu Jian
Zin
The Shining One

Shops:
D:2 (


Innate Abilities, Weirdness & Mutations

Your serpentine skin is tough. (AC +2)
You have supernaturally acute eyesight. (SInv)
Armour fits poorly on your strangely shaped body.
Your system is resistant to poisons. (rPois)
You cover ground very slowly.
You can spit poison.
You have a snake-like lower body.


Message History

The centaur hits you but does no damage.
The centaur kicks you but does no damage.
The wall freezes the hound.
The hound closely misses you.
The centaur hits you but does no damage.
The centaur kicks you but does no damage.
The centaur hits you but does no damage.
The centaur barely misses you.
The wall freezes the hound.
The hound bites you.
Casting: Freeze (safe; 1% risk of failure)
Confirm with . or Enter, or press ? or * to list all spells.
Your icy armour thickens.
The centaur hits you.
The centaur kicks you but does no damage.
The wall freezes the ogre.
The ogre closely misses you. The centaur barely misses you.
The centaur kicks you but does no damage.
The wall freezes the hound.
The hound bites you but does no damage. The centaur barely misses you.
The centaur closely misses you.
Unknown command.
You hit the centaur but do no damage.
The centaur is almost dead.
The centaur barely misses you.
The centaur kicks you but does no damage.
The wall freezes the hound.
You kill the hound!
The centaur closely misses you. The centaur kicks you.
The centaur hits you but does no damage.
The centaur kicks you but does no damage.
The wall freezes the ogre.
The ogre hits you with a +0 giant club!
* * * LOW HITPOINT WARNING * * *
The centaur hits you but does no damage.
The centaur kicks you but does no damage.
You hit the centaur.
You kill the centaur!
The frozen ramparts melt away.
The centaur hits you but does no damage.
The centaur kicks you but does no damage.
The centaur hits you.
* * * LOW HITPOINT WARNING * * *
The centaur kicks you but does no damage.
The ogre hits you with a +0 giant club!
You die...

...... . #.........##
...#.... ........... .#.##.#
#......>..## ......##
#..........##. ...##..##
#................
........#####.............O..
.).#.....##.....##...........
<[.#............#..........#
.............>..@O.##.....#
................)c..# ....#..
....................##.......
.............................
##..................#........
##........#...#....##........
.##......###..#..###....#....
##....#....#.......##.....[..
...............#.............


You could see an ogre and a centaur.

Vanquished Creatures
  A water moccasin (D:5)
  A centaur (D:5)
  A phantom (D:4)
  A scorpion (D:5)
  4 hounds
  A jelly (D:3)
  An orc priest (D:5)
  3 iguanas
  6 adders
  4 gnolls (D:2)
  An ufetubus (D:4)
  A worm (D:2)
  11 orcs
  3 ball pythons
  6 bats
  3 endoplasms
  3 giant cockroaches
  5 goblins
  8 hobgoblins
  10 jackals
  2 quokkas (D:2)
  3 frilled lizards
  11 kobolds
  5 rats
95 creatures vanquished.

Notes
Turn   | Place    | Note
-------+----------+-------------------------------------------
     0 | D:1      | Woods the Naga Ice Elementalist began the quest for the
                  | Orb.
     0 | D:1      | Reached XP level 1. HP: 15/15 MP: 3/3
   236 | D:1      | Found a faded altar of an unknown god.
   455 | D:1      | Reached XP level 2. HP: 22/22 MP: 3/5
   828 | D:1      | Reached XP level 3. HP: 24/28 MP: 3/6
   962 | D:2      | Found Ynyot's Antique Weapon Shop.
  1064 | D:2      | Reached skill level 4 in Stealth
  1134 | D:2      | Learned a level 3 spell: Frozen Ramparts
  1180 | D:2      | Reached XP level 4. HP: 25/36 MP: 2/7
  1587 | D:2      | Learned a level 3 spell: Ozocubu's Armour
  2202 | D:3      | Reached XP level 5. HP: 42/42 MP: 4/9
  2695 | D:3      | Identified the +1 sling of the Enfolding Fox {freeze, MP+9
                  | Dex+3}
  3099 | D:4      | Reached skill level 5 in Stealth
  3293 | D:4      | Noticed a phantom
  3788 | D:4      | Killed a phantom
  3789 | D:4      | Reached XP level 6. HP: 6/49 MP: 6/11
  4766 | D:4      | Reached skill level 5 in Ice Magic
  4911 | D:5      | Entered Level 5 of the Dungeon
  4976 | D:5      | Found a staircase to the Ecumenical Temple.
  5103 | D:5      | Reached XP level 7. HP: 55/55 MP: 9/13
  5139 | Temple   | Entered the Ecumenical Temple
  5139 | Temple   | Found a transporter.
  5139 | Temple   | Found a transporter.
  5141 | Temple   | Found a transporter.
  5141 | Temple   | Found a transporter.
  5225 | D:5      | Reached skill level 6 in Stealth
  5665 | D:5      | Mangled by an ogre

Illustrated notes

Levels and vault maps discovered:
D:1:      dpeg_arrival_three_same_balls, layout_rooms,
          hellmonk_ecumenical_altar_run_dry, minmay_pentomino_z2
D:2:      layout_rooms, serial_shops, shop_fountains, serial_glass,
          glass_columns_b, glass_columns_b, minmay_misc_feat_cross
D:3:      minmay_chambers_of_twos, layout_basic
D:4:      layout_cave_pods
D:5:      layout_cave_pools, mainiacjoe_overflow_swirl,
          lemuel_coloured_pillars_altar, temple_statues
Temple:   hellmonk_temple_divided_pantheon

Skill      XL: |  1  2  3  4  5  6  7 |
---------------+----------------------+-----
Dodging        | 2 3 |  3.3
Stealth        | 4 5 6 |  6.4
Spellcasting   | 3 4 |  4.9
Ice Magic      | 5 |  5.4

Action                   |  1- 3 |  4- 6 |  7- 9 || total
-------------------------+-------+-------+-------++-------
Melee: Unarmed           |     8 |   105 |       ||   113
       Falchion          |       |    47 |    14 ||    61
       Punch             |       |     1 |       ||     1
 Cast: Freeze            |    31 |    47 |     9 ||    87
       Frozen Ramparts   |     1 |    19 |     5 ||    25
       Ozocubu's Armour  |       |    10 |     2 ||    12
 Abil: Spit Poison       |    18 |     5 |     2 ||    25
  Use: Scroll            |       |     6 |     1 ||     7
       Potion            |       |     2 |       ||     2
Armor: Robe              |    17 |   103 |    24 ||   144
Dodge: Dodged            |    28 |   125 |    24 ||   177
